 Dungeon Crawl Stone Soup version 0.30-a0-718-geaa24f58ff (webtiles) character file.

Game seed: 16290673957593181951

66206 Darius099 the Grappler (level 14, -5/128 HPs)
             Began as a Troll Monk on Jan 26, 2023.
             Killed from afar by an acid blob (14 damage)
             ... with a splash of acid
             ... on level 2 of the Pits of Slime.
             The game lasted 01:44:15 (18677 turns).

Darius099 the Grappler (Troll Monk)                Turns: 18677, Time: 01:44:16

Health: -5/128     AC:  2    Str: 25    XL:     14   Next: 78%
Magic:  24/24      EV: 24    Int:  6    God:
Gold:   1670       SH:  0    Dex: 16    Spells: 28/28 levels left

rFire   + . .      SeeInvis +      - Unarmed
rCold   + . .      Faith    .    (no shield)
rNeg    . . .      Spirit   .    W - +0 troll leather armour
rPois   +          Reflect  .    J - +2 hat {SInv}
rElec   +          Harm     .    S - +0 cloak
rCorr   +          Rampage  .    (gloves unavailable)
Will    +....                    (boots unavailable)
Stlth   ++                       T - amulet "Voeh" {Regen+ Str+3}
HPRegen 2.81/turn                q - +5 ring of evasion
MPRegen 0.19/turn                v - +5 ring of evasion

@: resistant, corroded
A: large, unfitting armour, claws 3, regeneration 1, shaggy fur 1, tough skin 1,
frail 1
a: no special abilities


You were on level 2 of the Pits of Slime.
You visited 3 branches of the dungeon, and saw 19 of its levels.
You also visited: Bailey.

You collected 1670 gold pieces.

Inventory:

Hand Weapons
 x - a +5 scimitar of flaming
Missiles
 z - 14 large rocks (quivered)
Armour
 B - +0 fire dragon scales
 H - a +2 robe of the Archmagi
 I - a +2 robe of fire resistance
 J - a +2 hat of see invisible (worn)
 L - a +0 robe of cold resistance
 S - a +0 cloak (worn)
 W - a +0 troll leather armour (worn)
Jewellery
 f - a ring of magical power
 p - a +6 ring of dexterity
 q - a +5 ring of evasion (left claw)
 v - a +5 ring of evasion (right claw)
 y - a ring of willpower
 E - an amulet of magic regeneration
 K - a ring of protection from cold
 O - a ring of magical power
 P - a ring of protection from cold
 R - an amulet of faith
 T - the amulet "Voeh" (around neck) {Regen+ Str+3}
   (You found it on level 5 of the Lair of Beasts)

   [amulet of regeneration]

   Str:       It affects your strength (+3).
   Regen:     It increases your rate of health regeneration.
 Y - a +6 ring of dexterity
Wands
 A - a wand of mindburst (19)
 Q - a wand of iceblast (3)
 V - a wand of polymorph (5)
 X - a wand of digging (5)
Scrolls
 e - 3 scrolls of magic mapping
 g - 4 scrolls of enchant armour
 j - 4 scrolls of fog
 k - 2 scrolls of vulnerability {unknown}
 l - a scroll of blinking {unknown}
 m - 8 scrolls of teleportation
 o - 6 scrolls of immolation
 t - 5 scrolls of amnesia {unknown}
 w - 2 scrolls of enchant weapon
 M - 5 scrolls of silence {unknown}
 Z - a scroll of fear {unknown}
Potions
 a - a potion of brilliance {unknown}
 b - 5 potions of ambrosia
 c - 2 potions of haste
 d - 5 potions of lignification
 h - 5 potions of curing
 i - 2 potions of berserk rage
 n - 5 potions of cancellation
 r - a potion of resistance
 s - 3 potions of mutation
 u - 3 potions of might
 D - a potion of magic {unknown}
 F - a potion of flight {unknown}
 G - 4 potions of attraction
 U - a potion of heal wounds
Miscellaneous
 N - a tin of tremorstones (2/2)


   Skills:
 - Level 10.0 Fighting
 - Level 5.0 Long Blades
 - Level 7.7 Armour
 - Level 10.0 Dodging
 - Level 1.0 Stealth
 - Level 11.1 Unarmed Combat
 + Level 7.9 Spellcasting
 + Level 3.8 Translocations
 + Level 3.8 Transmutations
 + Level 4.7 Invocations


You had 28 spell levels left.
You didn't know any spells.
Your spell library contained the following spells:

 Spells                   Type           Power      Damage    Failure   Level
 Apportation              Tloc           14%        N/A       4%          1
 Lesser Beckoning         Tloc           14%        N/A       8%          2
 Gell's Gravitas          Tloc           7%         N/A       16%         3
 Teleport Other           Tloc           7%         N/A       16%         3
 Passwall                 Tmut/Erth      3%         N/A       17%         2
 Foxfire                  Conj/Fire      8%         2x1d4     26%         1
 Freeze                   Ice            8%         1d3       26%         1
 Necrotise                Necr           8%         1d4       26%         1
 Sandblast                Erth           4%         2d4       26%         1
 Summon Small Mammal      Summ           8%         N/A       26%         1
 Cigotuvi's Dreadful Rot  Necr/Pois/Air  4%         N/A       36%         2
 Poisonous Vapours        Pois/Air       4%         N/A       36%         2
 Dazzling Flash           Conj/Hex       4%         N/A       58%         3
 Frozen Ramparts          Ice            4%         1d1       58%         3
 Hailstorm                Conj/Ice       2%         3d3       58%         3
 Inner Flame              Hex/Fire       2%         N/A       58%         3
 Mephitic Cloud           Conj/Pois/Air  2%         N/A       58%         3
 Stone Arrow              Conj/Erth      4%         3d7       58%         3
 Iskenderun's Mystic Bla  Conj/Tloc      4%         2d3       73%         4
 Anguish                  Hex/Necr       1%         N/A       94%         4
 Flame Wave               Conj/Fire      2%         2d4       94%         4
 Sticky Flame             Conj/Fire      2%         2d3       94%         4
 Alistair's Intoxication  Tmut/Pois      2%         N/A       97%         5
 Summon Forest            Summ/Tloc      2%         N/A       97%         5
 Borgnjor's Vile Clutch   Necr/Erth      1%         N/A       100%        5
 Fireball                 Conj/Fire      1%         3d3       100%        5
 Iskenderun's Battlesphe  Conj           2%         2d6       100%        5
 Summon Mana Viper        Hex/Summ       2%         N/A       100%        5
 Conjure Ball Lightning   Conj/Air       1%         3x3d6     100%        6
 Eringya's Noxious Bog    Tmut/Pois      2%         N/A       100%        6
 Starburst                Conj/Fire      1%         6d3       100%        6
 Summon Cactus Giant      Summ           1%         N/A       100%        6
 Enfeeble                 Hex            1%         N/A       100%        7
 Orb of Destruction       Conj           1%         9d5       100%        7


Dungeon Overview and Level Annotations

Branches:
Dungeon (12/15)            Temple (0/1) D:4            Lair (5/5) D:9
 Shoals (0/4) Lair:3        Snake (0/4) Lair:2        Slime (1/5) Lair:5
    Orc (0/2) D:10         Bailey (visited)

Altars:
Cheibriados
Elyvilon
Fedhas
Okawaru
Qazlal
Ru
Sif Muna

Shops:
D:8 :   D:10 =   D:12 *


Innate Abilities, Weirdness & Mutations

You are too large for most types of armour.
You have claws for hands.
Your natural rate of healing is unusually fast.
You are covered in fur. (AC +1)
You have tough skin. (AC +1)
You are frail. (-10% HP)


Message History

The shining eye gazes at you.
Strange energies course through your body.
You feel frail. The acid blob attacks as you move away!
The acid blob completely misses you. The acid blob spits acid at you.
The splash of acid hits you!! The eye of devastation gazes at you.
The bolt of energy hits you!! The eye of devastation gazes at you.
The bolt of energy hits you!
As you read the scroll of fog, it crumbles to dust.
The scroll dissolves into smoke.
The acid blob completely misses you.
You feel protected.
A shining eye comes into view.
The acid blob barely misses you. The acid blob attacks as you move away!
The acid blob barely misses you. The acid blob spits acid at you.
The splash of acid misses you. The acid blob spits acid at you.
The splash of acid hits you! You resist. The azure jelly hits you.
The azure jelly freezes you! You resist. The azure jelly hits you.
The azure jelly freezes you! You resist.
* * * LOW HITPOINT WARNING * * *
The azure jelly hits you.
* * * LOW HITPOINT WARNING * * *
The azure jelly hits you.
* * * LOW HITPOINT WARNING * * *
You feel much better.
The shining eye turns its gaze towards you.
The azure jelly completely misses you. The azure jelly hits you!
The azure jelly freezes you!! You resist.
* * * LOW HITPOINT WARNING * * *
The azure jelly closely misses you. The azure jelly hits you.
* * * LOW HITPOINT WARNING * * *
The acid blob spits acid at you. The splash of acid hits you! You resist.
* * * LOW HITPOINT WARNING * * *
The acid blob spits acid at you. The splash of acid hits you! You resist.
You die...

.............
............ ##
...........##.#
...............
...#.......G... .#.
.....>.........
..... #§..§§§.....
.... ##§§§@.§.....
J.. #.§§J§§§#....
##.####§§JJ§§#.. #
#...#.#§§§§§....#
#.##......G§§§§....#
.............##.#.##
..#........## ####
.........#....#
...............#


You could see 2 acid blobs, an azure jelly and a shining eye.

Vanquished Creatures
  Azrael (D:12)
  2 dire elephants (Lair:5)
  The ghost of mandoloar the Destroyer, a journeyman GnCj of Ashenzari (Lair:3)
  A fire dragon (Lair:5)
  5 hydras
  A centaur warrior (D:8)
  A two-headed ogre (D:11)
  8 death yaks
  A spectral death yak (Lair:5)
  A spectral anaconda (Lair:5)
  Pikel (D:5)
  An obsidian statue (Lair:5)
  2 necromancers (Lair:5)
  A lindwurm (Lair:3)
  2 deep elf pyromancers
  An ugly thing (D:12)
  A cyclops (D:12)
  17 elephants
  5 black mambas
  A dire elephant skeleton (Lair:5)
  A gargoyle (D:12)
  9 cane toads
  8 komodo dragons
  A torpor snail (Lair:2)
  17 rime drakes
  A tengu conjurer (D:8)
  An unseen horror (D:12)
  2 trolls
  5 polar bears
  30 blink frogs
  3 dream sheep
  2 spectral elephants (Lair:5)
  3 slime creatures (D:12)
  A shadow (D:10)
  2 vampires
  4 wyverns
  2 wraiths (D:12)
  A human (D:10)
  48 yaks
  3 death yak simulacra (Lair:5)
  6 vampire mosquitoes
  3 basilisks
  11 steam dragons
  2 wargs (D:10)
  3 nagas (Lair:2)
  3 acid dragons
  A spectral cane toad (Lair:5)
  6 hell hounds
  19 water moccasins
  Duvessa (D:7)
  4 ice beasts
  An elephant zombie (Lair:5)
  7 orc warriors
  A black bear (Lair:1)
  12 wolves
  4 centaurs
  An elephant skeleton (Lair:5)
  2 lemures
  A phantom (D:5)
  9 kobold brigands
  4 necrophages
  17 bullfrogs
  A gnoll sergeant (D:10)
  3 cane toad simulacra (Lair:5)
  A scorpion (D:5)
  24 wights
  Dowan (D:7)
  18 killer bees
  2 elephant simulacra (Lair:5)
  7 howler monkeys
  An electric eel (Lair:3)
  3 hounds
  A jelly (D:4)
  11 orc priests
  2 gnoll boudas
  3 iguanas
  An iron imp (D:10)
  Ijyb (D:5)
  16 orc wizards
  Robin (D:3)
  7 adders
  9 gnolls
  3 white imps
  2 ufetubi
  6 dart slugs
  56 orcs
  6 bats
  11 endoplasms
  3 giant cockroaches
  21 goblins
  7 hobgoblins
  12 jackals
  19 kobolds
  6 quokkas
  6 ball pythons
  3 frilled lizards (D:1)
  6 rats
596 creatures vanquished.

Vanquished Creatures (others)
  A necromancer (Lair:5)
  6 fungi
  22 plants
  16 withered plants (Lair:5)
45 creatures vanquished.

Grand Total: 641 creatures vanquished

Notes
Turn   | Place    | Note
-------+----------+-------------------------------------------
     0 | D:1      | Darius099 the Troll Monk began the quest for the Orb.
     0 | D:1      | Reached XP level 1. HP: 22/22 MP: 0/0
   135 | D:1      | Reached XP level 2. HP: 29/29 MP: 1/1
   754 | D:2      | Reached skill level 4 in Unarmed Combat
   780 | D:2      | Reached XP level 3. HP: 36/36 MP: 2/2
  1620 | D:3      | Found a faded altar of an unknown god.
  1679 | D:3      | Reached XP level 4. HP: 44/44 MP: 3/3
  1681 | D:3      | Reached skill level 5 in Unarmed Combat
  1995 | D:3      | Identified the +7 scale mail "Xirhuiz" {Int+6}
  2134 | D:3      | Reached XP level 5. HP: 38/50 MP: 4/4
  2135 | D:3      | Reached skill level 6 in Unarmed Combat
  2198 | D:3      | Noticed Robin
  2216 | D:3      | Killed Robin
  2270 | D:4      | Found a shimmering blue altar of Sif Muna.
  2311 | D:4      | Found a staircase to the Ecumenical Temple.
  2414 | D:4      | Reached XP level 6. HP: 59/59 MP: 5/5
  2603 | D:4      | Reached skill level 7 in Unarmed Combat
  3169 | D:5      | Entered Level 5 of the Dungeon
  3211 | D:5      | Reached skill level 8 in Unarmed Combat
  3211 | D:5      | Reached XP level 7. HP: 35/66 MP: 6/6
  3299 | D:5      | Noticed Ijyb
  3324 | D:5      | Killed Ijyb
  3479 | D:5      | Reached skill level 9 in Unarmed Combat
  3779 | D:6      | Noticed Pikel
  3781 | D:6      | Noticed a komodo dragon
  3822 | D:5      | Reached XP level 8. HP: 57/74 MP: 7/7
  3851 | D:5      | Killed Pikel
  3852 | D:5      | Reached skill level 11 in Unarmed Combat
  3940 | D:6      | Killed a komodo dragon
  4001 | D:6      | Reached XP level 9. HP: 77/84 MP: 8/8
  4083 | D:6      | Found an iron altar of Okawaru.
  4378 | D:7      | Noticed Duvessa
  4379 | D:7      | Noticed Dowan
  4383 | D:7      | Killed Duvessa
  4386 | D:7      | Killed Dowan
  4506 | D:7      | Reached skill level 5 in Fighting
  4506 | D:7      | Reached skill level 5 in Dodging
  4991 | D:8      | Reached XP level 10. HP: 71/98 MP: 9/9
  5049 | D:8      | Found a flagged portal.
  5058 | Bailey   | Entered a bailey
  5275 | Bailey   | Found an iron altar of Okawaru.
  5495 | D:8      | Noticed a deep elf pyromancer
  6125 | D:8      | Killed a deep elf pyromancer
  6198 | D:8      | Noticed a centaur warrior
  6228 | D:8      | Killed a centaur warrior
  6304 | D:8      | Found Ril Pala's Book Emporium.
  6403 | D:8      | Reached XP level 11. HP: 103/112 MP: 10/10
  7129 | D:9      | Found a sacrificial altar of Ru.
  7211 | D:9      | Found a staircase to the Lair.
  7498 | D:9      | Found a stormy altar of Qazlal.
  7600 | D:10     | Entered Level 10 of the Dungeon
  7613 | D:10     | Found Egimmits's Jewellery Shop.
  7839 | D:10     | Found a staircase to the Orcish Mines.
  7953 | D:10     | Found a large runed translucent door.
  7956 | D:10     | Found a large runed translucent door.
  7964 | D:10     | Found a white marble altar of Elyvilon.
  7976 | D:10     | Found a blossoming altar of Fedhas.
  8156 | D:10     | Found a snail-covered altar of Cheibriados.
  8272 | D:10     | Identified the +2 war axe of the Unkillable {speed, rPois
                  | Will+ Str-4 Int+2}
  8834 | D:11     | Noticed a two-headed ogre
  8846 | D:11     | Killed a two-headed ogre
  9338 | D:12     | Found Gurit's General Store.
  9402 | D:12     | Reached skill level 10 in Fighting
  9402 | D:12     | Reached skill level 10 in Dodging
  9544 | D:12     | Noticed a deep elf pyromancer
  9577 | D:12     | Killed a deep elf pyromancer
  9578 | D:12     | Reached skill level 1 in Armour
  9622 | D:12     | Found a stormy altar of Qazlal.
  9663 | D:12     | Noticed Azrael
  9756 | D:12     | Killed Azrael
  9757 | D:12     | Reached skill level 1 in Spellcasting
  9812 | D:12     | Reached XP level 12. HP: 87/126 MP: 13/13
 10812 | Lair:1   | Entered Level 1 of the Lair of Beasts
 11275 | Lair:1   | Reached skill level 5 in Armour
 11297 | Lair:1   | You fall into a shaft and drop 1 floor!
 11916 | Lair:2   | Found a staircase to the Snake Pit.
 12435 | Lair:3   | Found a dark tunnel.
 12512 | Lair:3   | Reached skill level 5 in Spellcasting
 12530 | Lair:3   | Reached XP level 13. HP: 118/133 MP: 19/19
 12536 | Lair:3   | Found a runed translucent gate.
 12537 | Lair:3   | Found a runed translucent gate.
 12538 | Lair:3   | Found a runed translucent gate.
 12539 | Lair:3   | Noticed mandoloar's ghost (journeyman GnCj)
 12564 | Lair:3   | Found a staircase to the Shoals.
 13215 | Lair:3   | Identified the +0 leather armour of the Maze {rCorr Int+2}
 13790 | Lair:1   | Reached skill level 1 in Long Blades
 14716 | Lair:3   | Killed mandoloar's ghost
 16196 | Lair:5   | Entered Level 5 of the Lair of Beasts
 16232 | Lair:4   | Reached skill level 5 in Long Blades
 16351 | Lair:4   | Reached XP level 14. HP: 100/143 MP: 23/23
 16359 | Lair:4   | Reached skill level 1 in Invocations
 16406 | Lair:4   | Reached skill level 1 in Translocations
 16406 | Lair:4   | Reached skill level 1 in Transmutations
 16611 | Lair:5   | Found a staircase to the Slime Pits.
 18269 | Lair:5   | Identified the amulet "Voeh" {Regen+ Str+3}
 18363 | Lair:5   | HP: 6/143 [dire elephant (30)]
 18658 | Slime:1  | Entered Level 1 of the Pits of Slime
 18666 | Slime:1  | You fall into a shaft and drop 1 floor!
 18666 | Slime:2  | Noticed an acid blob
 18666 | Slime:2  | Noticed an acid blob
 18668 | Slime:2  | Noticed an azure jelly
 18669 | Slime:2  | Gained mutation: You are frail. (-10% HP) [a shining eye]
 18677 | Slime:2  | Killed from afar by an acid blob

Illustrated notes

Levels and vault maps discovered:
D:1:      lordsloth_arrival_two_stooges, layout_basic
D:2:      layout_rooms, minmay_misc_feat_columns, grunt_decor_clamped,
          minmay_tromino_mix6
D:3:      minmay_razor_zed, layout_basic, basic_ecumenical_altar, uniq_robin
D:4:      layout_basic, lemuel_crystal_altar, temple_green
D:5:      layout_cave_pools, uniq_ijyb
D:6:      layout_gridville, okawaru_metal_pillars_1_2, uniq_pikel
D:7:      layout_cave_pools, minivault_11, chequers_mini_garden, uniq_duvessa
D:8:      layout_basic, serial_shops, shop, enter_bailey_3,
          minmay_pinched_square
D:9:      layout_roguey, mainiacjoe_overflow_catwalk_spiral,
          hellmonk_lair_entry_icy
D:10:     layout_irregular_city, slow_altar_2, jmf_multi_god_temple2,
          erik_orc_4, serial_shops, shop
D:11:     layout_roguey, serial_bayou_crossing
D:12:     layout_layer_cave, serial_shops, shop, grunt_qazlal_clouds,
          uniq_azrael
Lair:1:   layout_regular_city, infiniplex_staircase_pool_2, grunt_megastairs_5
Lair:2:   layout_regular_city, guppyfry_snake_entry_garden, serial_rivers,
          chequers_serial_rivers_micro_c, chequers_serial_rivers_room_b,
          chequers_serial_rivers_room_a, chequers_serial_rivers_marsh,
          infiniplex_staircase_pool
Lair:3:   nzn_winding_woodlands_stair_trap
          [nzn_winding_woodlands_5x15_sidewinder,
          nzn_winding_woodlands_5x15_split_checker,
          nzn_winding_woodlands_5x15_river_crossing,
          nzn_winding_woodlands_15x15_eel_pit, nzn_winding_woodlands_5x15_twine,
          nzn_winding_woodlands_5x15_zeroes, nzn_winding_woodlands_5x15_pool],
          layout_long_grid, elwin_shoals_entry_rocks, ebering_ghost_rock_garden,
          nicolae_volcano_entry_vermiform
Lair:4:   layout_regular_city, grunt_megastairs_3
Lair:5:   due_jungle_book, layout_small_grid, slime_entry_1,
          bobbens_dragon_lair_wall, lemuel_fruit_tree, serial_bayou_shore_b
Slime:1:  layout_caves, basic_altar, cheibrodos_slime_lost_civilization_4
Slime:2:  layout_caves

Skill      XL: |  1  2  3  4  5  6  7  8  9 10 11 12 13 14 |
---------------+-------------------------------------------+-----
Unarmed Combat | 4 5 6 8 9 11 | 11.1
Fighting       | 3 6 8 10 | 10.0
Dodging        | 3 6 8 10 | 10.0
Armour         | 2 6 7 |  7.7
Spellcasting   | 1 5 7 |  7.9
Long Blades    | 5 |  5.0
Invocations    | 4 |  4.7
Translocations | 3 |  3.8
Transmutations | 3 |  3.8
Stealth        | |  1.0

Action                     |  1- 3 |  4- 6 |  7- 9 | 10-12 | 13-15 || total
---------------------------+-------+-------+-------+-------+-------++-------
  Melee: Unarmed           |    91 |   169 |   260 |   856 |   891 ||  2267
         Punch             |     1 |     7 |    20 |    54 |    88 ||   170
         Scimitar          |       |       |       |       |    66 ||    66
  Throw: Large rock        |       |       |       |       |     1 ||     1
  Evoke: Wand              |       |       |       |       |     1 ||     1
    Use: Scroll            |       |       |     5 |     4 |    17 ||    26
         Potion            |       |       |       |     1 |    15 ||    16
   Stab: Sleeping          |     5 |     2 |       |     2 |     4 ||    13
 Armour: Robe              |    31 |    40 |    29 |    37 |       ||   137
         Troll leather arm |       |       |       |    84 |   264 ||   348
  Dodge: Dodged            |    39 |   113 |   267 |   950 |  1406 ||  2775

Table legend: (Time is in decaauts)
 A = Elapsed time spent in this place.
 B = Non-inter-level travel time spent in this place.
 C = Inter-level travel time spent in this place.
 D = Time resting spent in this place.
 E = Time spent auto-exploring this place.
 F = Levels seen in this place.
 G = Mean time per level.
                   A        B        C        D        E       F      G
               +--------+--------+--------+--------+--------+-----+--------+
         Total |  18269 |  17446 |    823 |   1620 |   5742 |  20 |  913.5 |
       Dungeon |  10661 |  10134 |    527 |    749 |   4252 |  12 |  888.4 |
          Lair |   7344 |   7048 |    296 |    808 |   1490 |   5 | 1468.8 |
    Slime Pits |     18 |     18 |      0 |      0 |      0 |   2 |    9.0 |
        Bailey |    245 |    245 |      0 |     63 |      0 |   1 |  245.0 |
               +--------+--------+--------+--------+--------+-----+--------+

Top non-repeatable levels by time:
  Lair:3: 2126 daAuts
  Lair:5: 2058 daAuts
     D:8: 1648 daAuts
    D:12: 1401 daAuts
  Lair:4: 1329 daAuts
     D:3: 1020 daAuts
  Lair:2: 981 daAuts
     D:9: 941 daAuts
    D:10: 934 daAuts
    D:11: 931 daAuts
     D:4: 890 daAuts
  Lair:1: 848 daAuts
     D:1: 741 daAuts
     D:5: 618 daAuts
     D:7: 552 daAuts
